 Dungeon Crawl Stone Soup version 0.30-a0-632-g346586fe48 (webtiles) character file.

Game seed: 8603257175028191591

93 Leeroy the Slasher (level 4, -4/24 (26) HPs)
             Began as a Tengu Warper on Jan 13, 2023.
             Constricted to death by Crazy Yiuf (7 damage)
             ... on level 2 of the Dungeon.
             The game lasted 00:01:42 (1565 turns).

Leeroy the Slasher (Tengu Warper)                   Turns: 1565, Time: 00:01:43

HP:   -4/24 (26)    AC:  3    Str: 14    XL:     4   Next: 61%
MP:   9/17          EV:  9    Int: 17    God:
Gold: 124           SH:  0    Dex: 15    Spells: 5/7 levels left

rFire   . . .      SeeInvis .    o - +7 hammer of Wifur {heavy, +Blink MP+9 Str+3 Int+3}
rCold   . . .      Faith    .    (no shield)
rNeg    . . .      Spirit   .    b - +0 leather armour
rPois   .          Reflect  .    (helmet restricted)
rElec   .          Harm     .    (no cloak)
rCorr   .          Rampage  .    (no gloves)
Will    .....                    (boots unavailable)
Stlth   +                        (no amulet)
HPRegen 0.24/turn                (no ring)
MPRegen 0.15/turn                (no ring)

@: grasped by roots, constricted, drained
A: beak, talons 3
a: Evoke Blink


You were on level 2 of the Dungeon.
You visited 1 branch of the dungeon, and saw 2 of its levels.

You collected 124 gold pieces.

Inventory:

Hand Weapons
 a - a +0 falchion
 o - the +7 hammer of Wifur (weapon) {heavy, +Blink MP+9 Str+3 Int+3}
   (You found it on level 2 of the Dungeon)

   Str:       It affects your strength (+3).
   Int:       It affects your intelligence (+3).
   MP:        It affects your magic capacity (+9).
   +Blink:    It lets you blink.
Missiles
 d - 7 boomerangs of dispersal (quivered)
Armour
 b - a +0 leather armour (worn)
Scrolls
 c - a scroll of blinking
 e - a scroll of noise {unknown}
 f - a scroll of vulnerability {unknown}
 k - 2 scrolls of fog {unknown}
 l - a scroll of teleportation {unknown}
 m - a scroll of fear {unknown}
 n - a scroll of identify {unknown}
Potions
 g - a potion of cancellation {unknown}
 h - a potion of haste {unknown}
 i - a potion of mutation {unknown}
 j - a potion of brilliance {unknown}


   Skills:
 - Level 2.0 Fighting
 + Level 5.1 Long Blades
 - Level 1.0 Throwing
 - Level 1.1 Armour
 - Level 2.1 Dodging
 - Level 2.0 Spellcasting
 - Level 2.4 Translocations


You had 5 spell levels left.
You knew the following spells:

 Your Spells              Type           Power      Damage    Failure   Level
a - Blink                 Tloc           18%        N/A       14%         2

Your spell library contained the following spells:

 Spells                   Type           Power      Damage    Failure   Level
 Sandblast                Erth           2%         2d4       24%         1
 Lesser Beckoning         Tloc           18%        N/A       26%         3
 Teleport Other           Tloc           9%         N/A       26%         3
 Ensorcelled Hibernation  Hex/Ice        2%         N/A       34%         2
 Passwall                 Tmut/Erth      0%         N/A       34%         2
 Vhi's Electric Charge    Tloc/Air       10%        N/A       41%         3
 Stone Arrow              Conj/Erth      2%         3d7       56%         3
 Swiftness                Air            1%         N/A       56%         3
 Manifold Assault         Tloc           9%         N/A       65%         4
 Storm Form               Tmut/Air       0%         N/A       100%        7


Dungeon Overview and Level Annotations

Branches:
Dungeon (2/15)

Altars:

Annotations:
D:2 Crazy Yiuf


Innate Abilities, Weirdness & Mutations

You have a beak for a mouth.
You have claws for feet.


Message History

Found a hammer.
You see here a +0 hammer.
You see here the +7 hammer of Wifur {heavy, +Blink MP+9 Str+3 Int+3}.
o - the +7 hammer of Wifur {heavy, +Blink MP+9 Str+3 Int+3}
Okay, then.
You see here a +0 hammer.
Found a hammer.
Found a runed translucent door.
As you open the door, it creaks loudly!
Crazy Yiuf shouts!
Crazy Yiuf yells, "Blight eyeball rumpyflump!"
You feel stronger.
You feel clever.
o - the +7 hammer of Wifur (weapon)
{heavy, +Blink MP+9 Str+3 Int+3} Crazy Yiuf yells, "Castle!
Orb forty-two high."
Crazy Yiuf zaps a wand.
The roots erupt in riotous growth!
The grasping roots grab you! The grasping roots constrict you.
You aren't carrying any items that you can evoke.
You escape the roots grasp.
Crazy Yiuf zaps a wand.
The roots erupt in riotous growth!
The grasping roots grab you! The grasping roots constrict you.
You escape the roots grasp.
Crazy Yiuf zaps a wand.
The roots erupt in riotous growth!
The grasping roots grab you! The grasping roots constrict you.
You escape the roots grasp.
You start resting.
Crazy Yiuf is nearby!
You barely miss Crazy Yiuf.
Crazy Yiuf zaps a wand.
The roots erupt in riotous growth!
The grasping roots grab you!
Crazy Yiuf is unaffected.
The grasping roots constrict you. Crazy Yiuf barely misses you.
The grasping roots constrict you.
You sock Crazy Yiuf!
Crazy Yiuf is heavily wounded.
Crazy Yiuf hits you with a +3 quarterstaff of chaos!
* * * LOW HITPOINT WARNING * * *
You feel drained.
* * * LOW HITPOINT WARNING * * *
The grasping roots constrict you!
You die...

#####
##...############
#).)............##
#))))####........##
##..## #........).#
♣)).)♣ #..........#
♣♣♣).♣ #..........#
♣@♣♣ #..........##
♣♣g♣ #....<.......
##### ♣.♣♣
##........### #...#
♣♣.♣ ##[.......##
#...### ♣.♣♣
#.....÷....##
#.....## #g#
#....>.......
#......# ...
#............
#....### #...#
#............
#.>..### #)..#
#............


You could see Crazy Yiuf.

Vanquished Creatures
  Terence (D:2)
  2 adders (D:2)
  A worm (D:2)
  A dart slug (D:2)
  4 ball pythons
  4 endoplasms
  2 giant cockroaches (D:1)
  4 goblins (D:1)
  3 hobgoblins (D:1)
  4 jackals (D:2)
  5 kobolds
  4 bats
  5 frilled lizards
  5 rats
45 creatures vanquished.

Notes
Turn   | Place    | Note
-------+----------+-------------------------------------------
     0 | D:1      | Leeroy the Tengu Warper began the quest for the Orb.
     0 | D:1      | Reached XP level 1. HP: 12/12 MP: 4/4
   278 | D:1      | Reached XP level 2. HP: 13/17 MP: 6/6
   281 | D:1      | Reached skill level 3 in Long Blades
   284 | D:1      | Learned a level 2 spell: Blink
   699 | D:1      | Reached XP level 3. HP: 21/21 MP: 7/7
  1007 | D:2      | Reached skill level 4 in Long Blades
  1237 | D:2      | Reached XP level 4. HP: 23/26 MP: 8/8
  1309 | D:2      | Noticed Terence
  1321 | D:2      | Killed Terence
  1322 | D:2      | Reached skill level 5 in Long Blades
  1546 | D:2      | Identified the +7 hammer of Wifur {heavy, +Blink MP+9 Str+3
                  | Int+3}
  1550 | D:2      | Found a runed translucent door.
  1551 | D:2      | Noticed Crazy Yiuf
  1565 | D:2      | Constricted to death by Crazy Yiuf

Illustrated notes

Levels and vault maps discovered:
D:1:      dpeg_arrival_pond, layout_loops_corners
D:2:      layout_rooms, uniq_terence, uniq_crazy_yiuf_cottage

Skill      XL: |  1  2  3  4 |
---------------+-------------+-----
Long Blades    | 3 4 5 |  5.1
Fighting       | |  2.0
Throwing       | |  1.0
Armour         | |  1.1
Dodging        | |  2.1
Spellcasting   | |  2.0
Translocations | |  2.4

Action                   |  1- 3 |  4- 6 || total
-------------------------+-------+-------++-------
Melee: Falchion          |    89 |    22 ||   111
       Kick              |    25 |     7 ||    32
       Peck              |    18 |     4 ||    22
       Mace              |       |     2 ||     2
 Cast: Blink             |       |     1 ||     1
 Stab: Sleeping          |     2 |       ||     2
Armor: Leather armour    |    19 |     3 ||    22
Dodge: Dodged            |    56 |    21 ||    77

Table legend: (Time is in decaauts)
 A = Elapsed time spent in this place.
 B = Non-inter-level travel time spent in this place.
 C = Inter-level travel time spent in this place.
 D = Time resting spent in this place.
 E = Time spent auto-exploring this place.
 F = Levels seen in this place.
 G = Mean time per level.
                   A        B        C        D        E       F      G
               +--------+--------+--------+--------+--------+-----+--------+
         Total |   1578 |   1578 |      0 |      5 |   1284 |   2 |  789.0 |
       Dungeon |   1578 |   1578 |      0 |      5 |   1284 |   2 |  789.0 |
               +--------+--------+--------+--------+--------+-----+--------+

Top non-repeatable levels by time:
     D:1: 985 daAuts
     D:2: 593 daAuts
